 Dungeon Crawl Stone Soup version 0.20.1-1-g8b1a95d (webtiles) character file.

161 letownia2 the Grave Robber (level 5, -2/42 HPs)
             Began as a Deep Dwarf Necromancer on Oct 29, 2017.
             Slain by a hound (3 damage)
             ... on level 3 of the Dungeon.
             The game lasted 00:04:00 (1022 turns).

letownia2 the Grave Robber (Deep Dwarf Necromancer) Turns: 1022, Time: 00:04:00

Health: -2/42      AC:  3    Str: 11    XL:     5   Next: 18%
Magic:  1/9        EV: 12    Int: 17    God:
Gold:   80         SH:  0    Dex: 13    Spells: 5/9 levels left

rFire    . . .     SeeInvis .   a - +0 dagger
rCold    . . .     Gourm    .   (no shield)
rNeg     . . .     Faith    .   d - +0 robe
rPois    .         Spirit   .   (no helmet)
rElec    .         Reflect  .   (no cloak)
rCorr    .         Harm     .   (no gloves)
MR       .....                  n - +0 pair of boots
Stlth    ++........             (no amulet)
Regen    0.0/turn               (no ring)
MPRegen  0.2/turn               (no ring)

@: lethally poisoned (-2 -> -2), non-regenerating
A: damage resistance, heal wounds, sense surroundings 1, no regeneration
a: Heal Wounds


You were on level 3 of the Dungeon.
You were not hungry.

You visited 1 branch of the dungeon, and saw 4 of its levels.

You collected 80 gold pieces.

Inventory:

Hand Weapons
 a - a +0 dagger (weapon)
Armour
 d - a +0 robe (worn)
 n - a +0 pair of boots (worn)
Scrolls
 e - a scroll of magic mapping {unknown}
 h - a scroll of enchant armour {unknown}
 k - a scroll of teleportation {unknown}
 l - a scroll of identify {unknown}
 o - a scroll of blinking {unknown}
Potions
 g - a potion of heal wounds {unknown}
 i - a potion of cancellation {unknown}
 j - a potion of lignification {unknown}
 m - a potion of magic {unknown}
Books
 b - a book of Necromancy

   Spells                             Type                      Level
   a - Pain                           Necromancy                   1
   b - Animate Skeleton               Necromancy                   1
   c - Vampiric Draining              Necromancy                   3
   d - Regeneration                   Charms/Necromancy            3
   e - Animate Dead                   Necromancy                   4
   f - Control Undead                 Necromancy                   4
Comestibles
 c - a bread ration
 f - 5 chunks of flesh


   Skills:
 - Level 2.1 Dodging
 - Level 2.4 Stealth
 - Level 2.8 Spellcasting
 + Level 6.4 Necromancy


You had 5 spell levels left.
You knew the following spells:

 Your Spells              Type           Power        Failure   Level  Hunger
a - Pain                  Necr           ###.         1%          1    #......
v - Vampiric Draining     Necr           ###.......   3%          3    ###....


Dungeon Overview and Level Annotations

Branches:
Dungeon (4/15)
 Temple: D:4-7

Altars:
Hepliaklqana
Vehumet

Annotations:
D:4 exclusion: statue, Folque's ghost, amateur OpWz; Sigmund


Innate Abilities, Weirdness & Mutations

You are resistant to damage.
You can heal yourself by infusing magical energy.
You passively map a small area around you.
You do not regenerate.


Message History

Unknown command.
The jackal bites you but does no damage.
A jackal comes into view.
The jackal barks!
The hound barks!
You hit the jackal but do no damage. The jackal closely misses you.
The kobold hits you but does no damage.
You miss the jackal. The jackal barely misses you.
The kobold hits you but does no damage. The jackal barely misses you.
You hit the jackal.
The jackal is heavily wounded.
The kobold hits you with a club.
You miss the hound. The kobold hits you with a club.
* * * LOW HITPOINT WARNING * * *
You hit the hound but do no damage. The hound bites you.
The hound bites you but does no damage. The kobold hits you but does no damage.
Unknown command.
You hit the hound.
The hound is lightly wounded.
The hound bites you.
You die...

#..#.#.#.#
*
#>....?...
,
#.##.....#
#.........
##.#.....#*
#s# ..$.# *
#o# *.#.#
#K# ,# # *
* #@# , ,
#h# ** ,
#h# * #h#
#.# * * * *
* #.. ,,
...* * ,* ,
#.. , **


You could see a hound, an orc, 2 jackals, a giant cockroach and a kobold.

Vanquished Creatures
  A hound (D:4)
  2 worker ants (D:4)
  An iguana (D:4)
  5 adders
  A leopard gecko (D:4)
  2 bats
  2 giant cockroaches
  A goblin (D:2)
  A hobgoblin (D:1)
  A jackal (D:3)
17 creatures vanquished.

Notes
Turn   | Place    | Note
-------+----------+-------------------------------------------
     0 | D:1      | letownia2 the Deep Dwarf Necromancer began the quest for the Orb.
     0 | D:1      | Reached XP level 1. HP: 15/15 MP: 3/3
   121 | D:2      | Reached XP level 2. HP: 22/22 MP: 0/5
   224 | D:2      | Reached skill level 5 in Necromancy
   224 | D:2      | Reached XP level 3. HP: 28/28 MP: 1/6
   246 | D:2      | Learned a level 3 spell: Vampiric Draining
   407 | D:2      | Found a hazy altar of Hepliaklqana.
   629 | D:4      | Reached XP level 4. HP: 36/36 MP: 0/8
   757 | D:4      | Found a radiant altar of Vehumet.
   757 | D:4      | Noticed a charred statue
   834 | D:4      | Reached skill level 6 in Necromancy
   910 | D:4      | Noticed Sigmund
   944 | D:4      | Reached XP level 5. HP: 26/42 MP: 2/9
   989 | D:4      | Noticed Folque's ghost (amateur OpWz)
  1020 | D:3      | HP: 1/42 [kobold/club (3)]
  1022 | D:3      | Slain by a hound

Skill      XL: |  1  2  3  4 |
---------------+-------------+-----
Spellcasting   | 2 |  2.8
Necromancy     | 5 6 |  6.4
Dodging        | |  2.1
Stealth        | |  2.4

Action                   |  1- 3 |  4- 6 || total
-------------------------+-------+-------++-------
Melee: Unarmed           |     6 |       ||     6
       Dagger            |     3 |    15 ||    18
 Cast: Pain              |    28 |    18 ||    46
       Vampiric Draining |       |     5 ||     5
  Eat: Chunk             |       |     1 ||     1
Armor: Robe              |     2 |     9 ||    11
Dodge: Dodged            |    12 |    31 ||    43
